 Dungeon Crawl Stone Soup version 0.29.1-12-g30fa7ad0bf (webtiles) character file.

Game seed: 952744290634410328

14922 lenn0rt the Cruncher (level 12, 0/120 HPs)
             Began as an Ogre Ice Elementalist on Jan 8, 2023.
             Was a Priest of Vehumet.
             Succumbed to a cane toad's poison
             ... on level 1 of the Lair of Beasts on Jan 16, 2023.
             The game lasted 00:50:10 (11997 turns).

lenn0rt the Cruncher (Ogre Ice Elementalist)       Turns: 11997, Time: 00:50:11

Health: 0/120      AC:  8    Str: 14    XL:     12   Next: 21%
Magic:  20/23      EV: 10    Int: 19    God:    Vehumet [***...]
Gold:   795        SH:  0    Dex: 22    Spells: 9/25 levels left

rFire   x . .      SeeInvis .   n - +5 lajatang (pain)
rCold   . . .      Faith    .   (shield currently unavailable)
rNeg    . . .      Spirit   .   J - +0 robe of Zeyxziq {rF- Regen+ Dex+9 Archmagi}
rPois   .          Reflect  .   (helmet restricted)
rElec   .          Harm     .   z - +0 cloak
rCorr   +          Rampage  .   (gloves unavailable)
Will    +....      Archmagi +   (boots unavailable)
Stlth   ++........              o - amulet of magic regeneration
HPRegen 1.10/turn               L - +4 ring of protection
MPRegen 0.58/turn               g - ring of resist corrosion

@: lethally poisoned (0 -> -22), unable to drink
A: large, unfitting armour, tough skin 1, agile 1, sense surroundings 1,
inability to drink after injury 1
a: Renounce Religion


You were on level 1 of the Lair of Beasts.
You worshipped Vehumet.
Vehumet was most pleased with you.
You visited 3 branches of the dungeon, and saw 12 of its levels.
You also visited: Sewer and Bailey.

You collected 795 gold pieces.

Inventory:

Hand Weapons
 c - a +0 mace of protection
 n - a +5 lajatang of pain (weapon)
 y - a +0 giant spiked club
 N - a +5 scythe of flaming
 O - a +3 triple crossbow of freezing
Missiles
 l - 12 poisoned darts
 x - 3 throwing nets
Armour
 z - a +0 cloak (worn)
 C - a scarf of harm
 I - a +0 troll leather armour {Pargi}
 J - the +0 robe of Zeyxziq (worn) {rF- Regen+ Dex+9 Archmagi}
   (You found it in a sewer)

   Dex:       It affects your dexterity (+9).
   rF:        It makes you vulnerable to fire.
   Regen:     It increases your rate of health regeneration.
   Archmagi:  It increases the power of your magical spells.
 X - +0 steam dragon scales
Jewellery
 d - a ring of flight
 g - a ring of resist corrosion (right hand)
 h - an amulet of regeneration
 o - an amulet of magic regeneration (around neck)
 w - a ring of fire
 L - a +4 ring of protection (left hand)
 T - a ring of willpower
Wands
 p - a wand of acid (21)
 M - a wand of mindburst (16) (quivered)
 P - a wand of roots (16)
 U - a wand of flame (16)
 Z - a wand of charming (2)
Scrolls
 a - a scroll of enchant armour
 f - 3 scrolls of immolation
 j - 2 scrolls of vulnerability
 t - 2 scrolls of fog
 u - a scroll of summoning
 A - 2 scrolls of blinking
 F - 3 scrolls of teleportation
 K - a scroll of silence
 S - a scroll of torment
 V - 2 scrolls of amnesia
Potions
 b - a potion of magic
 e - 3 potions of might
 i - 3 potions of flight
 m - 2 potions of berserk rage
 r - 4 potions of heal wounds
 s - 2 potions of mutation
 v - a potion of ambrosia
 B - 2 potions of lignification {unknown}
 D - 2 potions of brilliance {unknown}
 E - 5 potions of curing
 G - a potion of invisibility {unknown}
 H - 3 potions of degeneration {unknown}
 Q - a potion of cancellation {unknown}
 R - a potion of resistance {unknown}
 Y - a potion of attraction {unknown}


   Skills:
 + Level 8.2 Fighting
 - Level 5.6(7.8) Maces & Flails
 * Level 9.2(10.1) Staves
 + Level 7.5 Throwing
 - Level 1.8 Dodging
 - Level 1.4 Stealth
 + Level 7.3 Spellcasting
 + Level 6.9 Conjurations
 + Level 8.1 Ice Magic
 + Level 0.1 Air Magic
 + Level 0.1 Poison Magic


You had 9 spell levels left.
You knew the following spells:

 Your Spells              Type           Power      Damage    Failure   Level
a - Freeze                Ice            100%       1d11      1%          1
b - Frozen Ramparts       Ice            100%       1d16      1%          3
c - Ozocubu's Armour      Ice            54%        N/A       1%          3
d - Searing Ray           Conj           100%       2d8       1%          2
e - Hailstorm             Conj/Ice       52%        3d12      1%          4
f - Mephitic Cloud        Conj/Pois/Air  24%        N/A       3%          3

Your spell library contained the following spells:

 Spells                   Type           Power      Damage    Failure   Level
 Dazzling Flash           Conj/Hex       60%        N/A       1%          3
 Iskenderun's Mystic Bla  Conj/Tloc      30%        2d8       7%          4
 Slow                     Hex            40%        N/A       10%         1
 Olgreb's Toxic Radiance  Pois           11%        N/A       24%         4
 Confusing Touch          Hex            10%        N/A       28%         3
 Vampiric Draining        Necr           10%        2d6       28%         3
 Ozocubu's Refrigeration  Ice            27%        4d13      54%         7
 Starburst                Conj/Fire      15%        6d6       63%         6
 Animate Dead             Necr           10%        N/A       67%         4
 Summon Forest            Summ/Tloc      5%         N/A       95%         5
 Eringya's Noxious Bog    Tmut/Pois      5%         N/A       96%         6
 Haunt                    Necr/Summ      5%         N/A       100%        7
 Summon Hydra             Summ           5%         N/A       100%        7
 Ignition                 Fire           5%         3d4       100%        8
 Infestation              Necr           5%         N/A       100%        8


Dungeon Overview and Level Annotations

Branches:
Dungeon (10/15)            Temple (1/1) D:6            Lair (1/5) D:9
  Sewer (visited)          Bailey (visited)
    Orc: D:9-12

Altars:
Ashenzari
Cheibriados
Dithmenos
Elyvilon
Fedhas
Gozag
Hepliaklqana
Kikubaaqudgha
Makhleb
Nemelex Xobeh
Okawaru
Qazlal
Ru
Trog
Uskayaw
Vehumet
Wu Jian
Xom
Yredelemnul
Zin
The Shining One

Shops:
D:1 *   D:2 =   D:4 *   D:9 :

Annotations:
D:4 1 runed translucent door
Temple 2 transporters


Innate Abilities, Weirdness & Mutations

You are too large for most types of armour.
You have tough skin. (AC +1)
You are agile. (Dex +4, Str/Int -1)
You passively map a small area around you.
You occasionally lose the ability to drink potions when taking damage.


Message History

The cane toad is severely wounded.
You feel extremely sick. The cane toad stings you!!
You feel threatened and lose the ability to drink potions!
You are more poisoned.
The cane toad poisons you!
Casting: Frozen Ramparts (safe; 1% risk of failure)
Confirm with . or Enter, or press ? or * to list all spells.
Aiming: Searing Ray (safe; 1% risk of failure)
Press: ? - help, Shift-Dir - straight line, f - cane toad
Aim: a cane toad (severely wounded, 85% to hit)
You feel a surge of power!
The searing ray hits the cane toad!
The cane toad is almost dead. (Press . to maintain the ray.)
* * * LOW HITPOINT WARNING * * *
You feel extremely sick. The cane toad stings you!
* * * LOW HITPOINT WARNING * * *
You are more poisoned.
The cane toad poisons you!
You cannot drink potions in your current state!
You cannot drink potions in your current state!
As you read the scroll of fear, it crumbles to dust.
You assume a fearsome visage.
The cane toad looks frightened!
* * * LOW HITPOINT WARNING * * *
You feel extremely sick.
Casting: Searing Ray (safe; 1% risk of failure)
Confirm with . or Enter, or press ? or * to list all spells.
Casting: Hailstorm (mildly dangerous; 1% risk of failure)
Press: ? - help, Dir - look around, f - activate You feel a surge of power!
A cannonade of hail descends around you!
The hail pelts the cane toad!!
You kill the cane toad!
Vehumet accepts your kill.
You feel your power returning.
* * * LOW HITPOINT WARNING * * *
You feel extremely sick.
You cannot drink potions in your current state!
You die...

.# # , #.....
##.####*. ###...
#......#.*## ##..
##......##. ##.
..>.....#. ##
......... , #
........# #
........## # *
........@### ##
#.......#..### #.
##..#######..#####
#. ## ##...#P###
##. ,
###.....####.. **
#.....[..... *
#.##........
###.#P......
##........


There were no monsters in sight!

Vanquished Creatures
  5 death yaks (D:9)
  The ghost of vvl the Chiller, a novice DsIE of Kikubaaqudgha (D:6)
  Pikel (D:9)
  The ghost of polpettosauro the Ogre Mage, a novice OgFE of Fedhas (D:4)
  A cane toad (Lair:1)
  A komodo dragon (D:10)
  A troll (D:10)
  2 hornets
  Sigmund (D:6)
  19 yaks
  A wraith (D:10)
  2 wyverns
  Grum (D:8)
  A human (D:8)
  4 hogs (D:8)
  2 steam dragons
  4 water moccasins
  2 ice beasts (D:5)
  9 orc warriors
  Pargi (Sewer)
  2 ogres
  4 black bears (Lair:1)
  5 wolves
  2 lemures (D:9)
  2 centaurs
  2 kobold brigands
  5 bullfrogs
  2 gnoll sergeants
  A necrophage (D:4)
  3 scorpions
  5 wights (D:8)
  A killer bee (D:5)
  4 howler monkeys
  2 hounds
  7 orc priests
  2 gnoll boudas (D:4)
  2 jellies (D:5)
  3 iguanas
  Terence (D:3)
  11 orc wizards
  Robin (D:4)
  15 gnolls
  12 adders
  A river rat (D:4)
  A shadow imp (D:5)
  2 white imps
  6 ufetubi
  A worm (D:2)
  A dart slug (D:2)
  58 orcs
  2 ball pythons
  4 endoplasms
  6 giant cockroaches
  15 goblins
  9 hobgoblins
  4 jackals
  9 kobolds
  6 quokkas
  13 bats
  4 frilled lizards
  7 rats
303 creatures vanquished.

Vanquished Creatures (others)
  A shadow imp (D:6)
  6 plants
7 creatures vanquished.

Grand Total: 310 creatures vanquished

Notes
Turn   | Place    | Note
-------+----------+-------------------------------------------
     0 | D:1      | lenn0rt the Ogre Ice Elementalist began the quest for the
                  | Orb.
     0 | D:1      | Reached XP level 1. HP: 16/16 MP: 3/3
   108 | D:1      | Found Itee's Assorted Antiques.
   352 | D:1      | Reached XP level 2. HP: 24/24 MP: 5/5
   368 | D:1      | Reached skill level 1 in Maces & Flails
   529 | D:1      | Found a faded altar of an unknown god.
  1074 | D:2      | Found Bomumaih's Jewellery Shop.
  1119 | D:2      | Reached XP level 3. HP: 26/31 MP: 2/6
  1450 | D:2      | Reached XP level 4. HP: 39/39 MP: 7/7
  1703 | D:2      | Reached skill level 1 in Throwing
  2093 | D:3      | Noticed Terence
  2141 | D:3      | Killed Terence
  2142 | D:3      | Reached XP level 5. HP: 18/45 MP: 5/8
  2638 | D:4      | Found a runed translucent door.
  2792 | D:4      | Noticed Robin
  2800 | D:3      | Learned a level 3 spell: Frozen Ramparts
  2836 | D:4      | Killed Robin
  3006 | D:3      | Learned a level 3 spell: Ozocubu's Armour
  3210 | D:4      | Noticed polpettosauro's ghost (novice OgFE)
  3318 | D:4      | Reached XP level 6. HP: 22/53 MP: 9/9
  3642 | D:4      | Found a hazy altar of Hepliaklqana.
  3643 | D:4      | Found a faded altar of an unknown god.
  3696 | D:4      | Reached XP level 7. HP: 44/50 MP: 6/10
  3709 | D:4      | Reached skill level 5 in Ice Magic
  3761 | D:4      | Found an opulent altar of Gozag.
  3761 | D:4      | Found a sparkling altar of Nemelex Xobeh.
  3921 | D:4      | Found a runed translucent door.
  4020 | D:4      | Found Okloss's Assorted Antiques.
  4213 | D:5      | Entered Level 5 of the Dungeon
  4228 | D:5      | Reached skill level 5 in Maces & Flails
  4246 | D:5      | Found a shadowy altar of Dithmenos.
  4496 | D:5      | Gained mutation: You passively map a small area around you.
                  | [potion of mutation]
  4496 | D:5      | Gained mutation: You occasionally lose the ability to drink
                  | potions when taking damage. [potion of mutation]
  4496 | D:5      | Gained mutation: You are agile. (Dex +4, Str/Int -1)
                  | [potion of mutation]
  4502 | D:5      | Reached XP level 8. HP: 21/67 MP: 6/11
  4702 | D:5      | Reached skill level 1 in Fighting
  4702 | D:5      | Reached skill level 1 in Staves
  4819 | D:5      | Reached skill level 2 in Staves
  5752 | D:6      | Reached skill level 3 in Staves
  5828 | D:6      | Reached XP level 9. HP: 58/83 MP: 6/14
  5870 | D:6      | Reached skill level 4 in Staves
  5977 | D:6      | Reached skill level 5 in Throwing
  5978 | D:6      | Found a staircase to the Ecumenical Temple.
  5996 | D:6      | Noticed Sigmund
  6012 | Temple   | Entered the Ecumenical Temple
  6012 | Temple   | Found a transporter.
  6012 | Temple   | Found a transporter.
  6014 | Temple   | Found a transporter.
  6014 | Temple   | Found a transporter.
  6040 | Temple   | Became a worshipper of Vehumet
  6152 | D:6      | Found a runed translucent gate.
  6153 | D:6      | Found a runed translucent gate.
  6154 | D:6      | Identified the +1 chain mail of the Dragon {rN+ Regen+
                  | Dex-4}
  6154 | D:6      | Noticed vvl's ghost (novice DsIE)
  6155 | D:6      | Found a runed translucent gate.
  6218 | D:6      | Found a glowing drain.
  6228 | Sewer    | Entered a sewer
  6256 | Sewer    | Noticed Pargi
  6266 | Sewer    | Killed Pargi
  6291 | Sewer    | Identified the +0 robe of Zeyxziq {rF- Regen+ Dex+9
                  | Archmagi}
  6639 | D:6      | Killed Sigmund
  7031 | D:7      | Reached skill level 5 in Staves
  7052 | D:7      | Reached skill level 1 in Conjurations
  7405 | D:7      | Found a hide-covered altar of Uskayaw.
  7516 | D:8      | Reached skill level 5 in Fighting
  7517 | D:8      | Reached skill level 5 in Spellcasting
  7517 | D:8      | Reached XP level 10. HP: 82/96 MP: 14/17
  7558 | D:8      | Reached * piety under Vehumet
  7558 | D:8      | Offered knowledge of Magic Dart by Vehumet.
  7561 | D:8      | Reached skill level 6 in Staves
  7633 | D:8      | Found a flagged portal.
  7658 | Bailey   | Entered a bailey
  8370 | Bailey   | Noticed an orc knight
  8617 | D:8      | Offered knowledge of Searing Ray by Vehumet.
  8640 | D:8      | Noticed Grum
  8654 | D:8      | Killed Grum
  8820 | D:8      | Reached ** piety under Vehumet
  8903 | D:8      | Found a basalt altar of Yredelemnul.
  9044 | D:8      | Reached skill level 7 in Staves
  9118 | D:8      | Learned a level 2 spell: Searing Ray
  9281 | D:9      | Noticed a death yak
  9335 | D:9      | Killed a death yak
  9336 | D:9      | Reached XP level 11. HP: 72/107 MP: 20/20
  9390 | D:9      | Reached skill level 5 in Conjurations
  9394 | D:9      | Noticed Pikel
  9414 | D:9      | Killed Pikel
  9456 | D:9      | Found a burning altar of Makhleb.
  9531 | D:9      | Found Caffacs's Vocational Training.
  9566 | D:9      | Noticed a death yak
  9566 | D:9      | Noticed a death yak
  9566 | D:9      | Noticed a death yak
  9712 | D:9      | Found a staircase to the Lair.
  9775 | D:9      | Killed a death yak
  9782 | D:9      | Killed a death yak
  9783 | D:9      | Reached skill level 8 in Staves
 10065 | D:9      | Offered knowledge of Ignite Poison by Vehumet.
 10071 | D:9      | Learned a level 4 spell: Hailstorm
 10219 | D:9      | Noticed a death yak
 10245 | D:9      | Killed a death yak
 10254 | D:9      | Killed a death yak
 10344 | D:10     | Entered Level 10 of the Dungeon
 10539 | D:10     | Reached *** piety under Vehumet
 11134 | Lair:1   | Entered Level 1 of the Lair of Beasts
 11151 | Lair:1   | Reached XP level 12. HP: 119/119 MP: 15/22
 11402 | D:4      | Reached skill level 9 in Staves
 11409 | D:4      | Killed polpettosauro's ghost
 11639 | D:6      | Offered knowledge of Mephitic Cloud by Vehumet.
 11667 | D:6      | Killed vvl's ghost
 11958 | Lair:1   | Learned a level 3 spell: Mephitic Cloud
 11997 | Lair:1   | Succumbed to a cane toad's poison

Illustrated notes

Levels and vault maps discovered:
D:1:      scummos_arrival_hexagon, layout_basic,
          hellmonk_ecumenical_altar_arch_garden, serial_shops,
          nicolae_shop_statue_plus, chequers_arboretum
D:2:      layout_basic, serial_shops, nicolae_diamond_shop
D:3:      kb_forest_paths, layout_rooms, serial_bayou_lagoon_a, uniq_terence
D:4:      layout_gridville, beargit_hepliaklqana_dungeon_heroes,
          grunt_temple_overflow_opulence, serial_shops,
          nicolae_shop_window_shopping, ebering_ghost_sewer_f, nrook_uturn,
          dk_noncrumbling_3, kennysheep_windowed_goal, uniq_robin
D:5:      layout_basic, nicolae_dithmenos_shadow_blocks,
          minmay_chambers_of_fives
D:6:      layout_basic, minmay_temple_entry_overgrown,
          biasface_ghost_orc_armoury, portal_sewer_entry_d, uniq_sigmund
D:7:      layout_basic, mainiacjoe_overflow_small_starburst
D:8:      layout_basic, general_overflow_altar, enter_bailey_5, grunt_livestock,
          uniq_grum
D:9:      layout_basic, bloody_makhleb, dpeg_lair_monsters, serial_rivers,
          chequers_serial_rivers_micro_b, chequers_serial_rivers_micro_c,
          chequers_serial_rivers_small_a, chequers_serial_rivers_room_a,
          chequers_serial_rivers_micro_b, chequers_serial_rivers_marsh,
          nicolae_shop_vocational, uniq_pikel
D:10:     layout_roguey
Temple:   hellmonk_temple_divided_pantheon
Lair:1:   layout_hall_layers, portal_ice_cave_demonic_guard, beast_lair_carwin_8

Skill      XL: |  1  2  3  4  5  6  7  8  9 10 11 12 |
---------------+-------------------------------------+-----
Maces & Flails | 1 2 3 4 5 |  5.6
Ice Magic      | 4 5 6 7 8 |  8.1
Throwing       | 1 2 3 4 5 6 7 |  7.5
Fighting       | 3 5 6 7 8 |  8.2
Staves         | 3 5 7 8 9 |  9.2
Spellcasting   | 3 5 6 7 |  7.3
Conjurations   | 2 4 6 |  6.9
Dodging        | |  1.8
Stealth        | |  1.4
Air Magic      | |  0.1
Poison Magic   | |  0.1

Action                   |  1- 3 |  4- 6 |  7- 9 | 10-12 || total
-------------------------+-------+-------+-------+-------++-------
Melee: Mace              |    55 |   119 |    73 |       ||   247
       Punch             |     1 |       |     4 |       ||     5
       Lajatang          |       |       |   157 |   229 ||   386
 Fire: Triple crossbow   |       |       |       |     6 ||     6
Throw: Stone             |       |     7 |    35 |       ||    42
       Dart              |       |     5 |     1 |       ||     6
 Cast: Freeze            |    31 |    42 |    20 |       ||    93
       Frozen Ramparts   |       |    10 |    36 |    33 ||    79
       Ozocubu's Armour  |       |     8 |    21 |    28 ||    57
       Searing Ray       |       |       |       |    10 ||    10
       Hailstorm         |       |       |       |     7 ||     7
Evoke: Wand              |       |       |       |    20 ||    20
  Use: Scroll            |       |     1 |    11 |     9 ||    21
       Potion            |       |       |     4 |       ||     4
 Stab: Sleeping          |       |     1 |     2 |     1 ||     4
Armor: Robe              |    26 |       |    10 |   125 ||   161
       Troll leather arm |    23 |    84 |   166 |       ||   273
Dodge: Dodged            |    49 |   111 |   202 |   131 ||   493
